 Dungeon Crawl Stone Soup version 0.28-a0-1234-g826d19b2e0 (webtiles) character file.

Game seed: 40253038719291981

126 sanka the Shield-Bearer (level 5, 0/47 HPs)
             Began as a Gnoll Fighter on Dec 23, 2021.
             Slain by Crazy Yiuf (3 damage)
             ... on level 3 of the Dungeon.
             The game lasted 00:03:47 (3265 turns).

sanka the Shield-Bearer (Gnoll Fighter)             Turns: 3265, Time: 00:03:47

Health: 0/47       AC:  9    Str: 16    XL:     5   Next: 9%
Magic:  7/7        EV: 10    Int:  9    God:
Gold:   148        SH:  0    Dex: 17    Spells: 6/6 levels left

rFire   . . .      SeeInvis .   a - +0 long sword
rCold   . . .      Faith    .   c - +0 buckler
rNeg    . . .      Spirit   .   b - +0 scale mail
rPois   .          Reflect  .   n - +0 helmet
rElec   .          Harm     .   (no cloak)
rCorr   .          Rampage  .   (no gloves)
Will    .....                   (no boots)
Stlth   ..........              (no amulet)
HPRegen 0.15/turn               f - ring of flight
MPRegen 0.10/turn               o - +6 ring of dexterity

@: confused, flying
A: fangs 1, strong nose, distributed training
a: no special abilities


You were on level 3 of the Dungeon.
You visited 1 branch of the dungeon, and saw 3 of its levels.

You collected 148 gold pieces.


Innate Abilities, Weirdness & Mutations

You have very sharp teeth.
Your uncanny sense of smell can sniff out nearby items.
Your experience applies equally to all skills.


   Skills:
 + Level 6.6 Fighting
 + Level 1.3 Short Blades
 + Level 4.7 Long Blades
 + Level 1.3 Axes
 + Level 1.3 Maces & Flails
 + Level 1.3 Polearms
 + Level 1.3 Staves
 + Level 1.3 Slings
 + Level 1.3 Bows
 + Level 1.3 Crossbows
 + Level 1.3 Throwing
 + Level 6.6 Armour
 + Level 1.3 Dodging
 + Level 1.3 Stealth
 + Level 6.6 Shields
 + Level 1.3 Unarmed Combat
 + Level 1.3 Spellcasting
 + Level 1.1 Conjurations
 + Level 1.1 Hexes
 + Level 1.1 Summonings
 + Level 1.1 Necromancy
 + Level 1.1 Translocations
 + Level 1.1 Transmutations
 + Level 1.1 Fire Magic
 + Level 1.1 Ice Magic
 + Level 1.1 Air Magic
 + Level 1.1 Earth Magic
 + Level 1.1 Poison Magic
 + Level 1.5 Invocations
 + Level 1.3 Evocations


You had 6 spell levels left.
You didn't know any spells.
Your spell library contained the following spells:

 Spells                   Type           Power      Damage    Failure   Level
 Sting                    Tmut/Pois      8%         1d3       58%         1
 Portal Projectile        Hex/Tloc       4%         N/A       91%         3
 Blade Hands              Tmut           1%         N/A       100%        5
 Excruciating Wounds      Necr           1%         N/A       100%        5

Inventory:

Hand Weapons
 a - a +0 long sword (weapon)
Armour
 b - a +0 scale mail (worn)
 c - a +0 buckler (worn)
 n - a +0 helmet (worn)
Jewellery
 f - a ring of flight (left hand)
 o - a +6 ring of dexterity (right hand)
Wands
 q - a wand of mindburst (12)
Scrolls
 e - a scroll of acquirement {unknown}
 g - a scroll of noise {unknown}
 h - a scroll of blinking {unknown}
 i - a scroll of fog {unknown}
 l - 2 scrolls of magic mapping {unknown}
 m - 2 scrolls of identify {unknown}
 r - 5 scrolls of teleportation {unknown}
 s - a scroll of holy word {unknown}
Potions
 d - a potion of might
 j - 2 potions of curing {unknown}
 k - a potion of brilliance {unknown}
 p - a potion of flight {unknown}
 t - a potion of magic {unknown}
 u - a potion of attraction {unknown}
 v - a potion of resistance {unknown}
 w - a potion of invisibility {unknown}

Dungeon Overview and Level Annotations

Branches:
Dungeon (3/15)

Altars:

Annotations:
D:3 Crazy Yiuf

▒▒▒▒▒▒▒▒▒▒▒.▒
▒.▒▒▒▒ ▒..
▒...........▒
▒....▒ ▒..
▒.▒▒▒▒▒▒▒▒▒.▒
▒▒▒▒.▒ ▒▒▒ ▒.▒
▒▒▒ ▒.▒ ▒ ▒.▒ ▒.▒
▒ ▒.▒▒▒▒▒▒▒▒ ▒.▒
▒ ▒.▒▒..)▒)▒▒▒
▒▒▒ ▒.▒ ▒
▒......)▒..▒▒).)▒
▒.▒ ▒
▒......▒▒▒▒gg)..▒
▒.▒ ▒ ▒▒.▒..▒▒
▒▒▒)))▒ ▒(▒ ▒
▒▒▒▒▒▒ ▒▒▒ ▒.▒ ▒
▒.▒▒▒▒▒▒▒▒
▒.........
▒▒▒▒▒▒▒▒▒▒▒▒▒▒▒▒
▒.............).
▒▒▒▒▒▒▒▒▒▒▒▒▒▒▒▒


You could see Crazy Yiuf.


Message History

Crazy Yiuf hits you with a +2 quarterstaff of chaos.
Crazy Yiuf burns you.
Unknown command.
You slash Crazy Yiuf!
Crazy Yiuf is heavily wounded.
Crazy Yiuf hits you with a +2 quarterstaff of chaos!
Crazy Yiuf draws strength from your wounds!
You hit Crazy Yiuf but do no damage.
Crazy Yiuf is lightly wounded.
Crazy Yiuf whimpers, "Gnoll Orb Guardian mumblescurry!"
Crazy Yiuf barely misses you.
Unknown command.
You hit Crazy Yiuf.
Crazy Yiuf is lightly wounded.
Crazy Yiuf hits you with a +2 quarterstaff of chaos!
* * * LOW HITPOINT WARNING * * *
Crazy Yiuf burns you.
* * * LOW HITPOINT WARNING * * *
Unknown command.
You slash Crazy Yiuf! Your bite misses Crazy Yiuf.
Crazy Yiuf is heavily wounded.
Crazy Yiuf hits you with a +2 quarterstaff of chaos.
* * * LOW HITPOINT WARNING * * *
You are confused.
Crazy Yiuf yells, "Fluff sow bush!"
Crazy Yiuf hits you with a +2 quarterstaff of chaos!
* * * LOW HITPOINT WARNING * * *
Crazy Yiuf burns you.
You die...

Action                   |  1- 3 |  4- 6 || total
-------------------------+-------+-------++-------
Melee: Long sword        |   128 |    84 ||   212
       Bite              |    13 |     7 ||    20
Armor: Scale mail        |    62 |    38 ||   100
Dodge: Dodged            |    56 |    41 ||    97
Block: Buckler           |    39 |    22 ||    61

Levels and vault maps discovered:
D:1:      zaba_arrival_water, layout_loops_ring, corner_web_ring
D:2:      layout_loops_corners, shapermc_ecumenical_altar_rom_forum, uniq_robin
D:3:      layout_loops_ring, uniq_crazy_yiuf_cottage

Notes
Turn   | Place    | Note
-------+----------+-------------------------------------------
     0 | D:1      | sanka the Gnoll Fighter began the quest for the Orb.
     0 | D:1      | Reached XP level 1. HP: 23/23 MP: 1/1
   147 | D:1      | Reached XP level 2. HP: 29/29 MP: 2/2
   451 | D:1      | Reached XP level 3. HP: 33/35 MP: 3/3
  1128 | D:2      | Found a faded altar of an unknown god.
  1135 | D:2      | Got Plato's Almanac of Envenoming
  1211 | D:2      | Reached skill level 1 in Invocations
  1344 | D:2      | Noticed Robin
  1374 | D:1      | Reached skill level 1 in Short Blades
  1374 | D:1      | Reached skill level 1 in Axes
  1374 | D:1      | Reached skill level 1 in Maces & Flails
  1374 | D:1      | Reached skill level 1 in Polearms
  1374 | D:1      | Reached skill level 1 in Staves
  1374 | D:1      | Reached skill level 1 in Slings
  1374 | D:1      | Reached skill level 1 in Bows
  1374 | D:1      | Reached skill level 1 in Crossbows
  1374 | D:1      | Reached skill level 1 in Throwing
  1374 | D:1      | Reached skill level 1 in Dodging
  1374 | D:1      | Reached skill level 1 in Stealth
  1374 | D:1      | Reached skill level 1 in Unarmed Combat
  1374 | D:1      | Reached skill level 1 in Spellcasting
  1374 | D:1      | Reached skill level 1 in Evocations
  1553 | D:2      | Killed Robin
  1554 | D:2      | Reached XP level 4. HP: 40/41 MP: 5/5
  2216 | D:3      | Reached skill level 1 in Conjurations
  2216 | D:3      | Reached skill level 1 in Hexes
  2216 | D:3      | Reached skill level 1 in Summonings
  2216 | D:3      | Reached skill level 1 in Necromancy
  2216 | D:3      | Reached skill level 1 in Translocations
  2216 | D:3      | Reached skill level 1 in Transmutations
  2216 | D:3      | Reached skill level 1 in Fire Magic
  2216 | D:3      | Reached skill level 1 in Ice Magic
  2216 | D:3      | Reached skill level 1 in Air Magic
  2216 | D:3      | Reached skill level 1 in Earth Magic
  2216 | D:3      | Reached skill level 1 in Poison Magic
  2493 | D:3      | Reached XP level 5. HP: 47/47 MP: 6/6
  2903 | D:3      | Found a runed translucent door.
  2904 | D:3      | Noticed Crazy Yiuf
  3265 | D:3      | HP: 3/47 [Crazy Yiuf (9)]
  3265 | D:3      | Slain by Crazy Yiuf

Vanquished Creatures
  Robin (D:2)
  3 gnolls (D:3)
  6 dart slugs
  An endoplasm (D:3)
  4 giant cockroaches
  13 goblins
  4 hobgoblins
  8 jackals
  5 kobolds
  6 quokkas
  5 ball pythons
  4 bats
  3 frilled lizards (D:1)
  5 rats
68 creatures vanquished.

Vanquished Creatures (others)
  4 fungi (D:2)
  3 plants (D:2)
7 creatures vanquished.

Grand Total: 75 creatures vanquished
